 Dungeon Crawl Stone Soup version 0.30.1 (webtiles) character file.

Game seed: 5623450143603347155

123 monsoonserge the Conjurer (level 4, -9/8 (33) HPs)
             Began as a Demonspawn Reaver on July 12, 2023.
             Killed from afar by Maggie (17 damage)
             ... with a bolt of fire
             ... on level 6 of the Dungeon.
             The game lasted 00:04:35 (975 turns).

monsoonserge the Conjurer (Demonspawn Reaver)        Turns: 975, Time: 00:04:35

HP:   -9/8 (33)     AC:  5    Str: 13    XL:     4   Next: 80%
MP:   0/7           EV: 11    Int: 22    God:
Gold: 46            SH:  0    Dex: 11    Spells: 6/7 levels left

rFire   . . .        k - +2 short sword (vamp)
rCold   . . .        (no shield)
rNeg    + . .        a - +0 ring mail
rPois   .            (helmet restricted)
rElec   .            (no cloak)
rCorr   .            (no gloves)
SInv    .            (no boots)
Will    .....        (no amulet)
Stlth   +            d - ring of positive energy
HPRegen 0.21/turn    i - +6 ring of intelligence
MPRegen 0.10/turn

%: no passive effects
@: mesmerised, extremely drained
A: antennae 2, demonic guardian 1
a: no special abilities


You were on level 6 of the Dungeon.
You visited 1 branch of the dungeon, and saw 4 of its levels.

You collected 46 gold pieces.

Inventory:

Hand Weapons
 k - a +2 vampiric short sword (weapon)
Armour
 a - a +0 ring mail (worn)
 b - a +0 leather armour
 j - a +0 scale mail
Jewellery
 d - a ring of positive energy (left hand)
 i - a +6 ring of intelligence (right hand)
Scrolls
 c - a scroll of enchant weapon {unknown}
 e - a scroll of blinking {unknown}
 g - a scroll of identify {unknown}
 l - a scroll of teleportation {unknown}
Potions
 f - a potion of berserk rage {unknown}
 h - a potion of curing {unknown}


   Skills:
 + Level 2.3 Fighting
 + Level 1.0 Short Blades
 - Level 3.1 Maces & Flails
 + Level 2.0 Armour
 + Level 2.6 Dodging
 + Level 0.3 Stealth
 - Level 2.0 Spellcasting
 + Level 3.2 Conjurations
 - Level 1.0 Necromancy


You had 6 spell levels left.
You knew the following spells:

 Your Spells              Type           Power      Damage    Failure   Level
a - Kiss of Death         Conj/Necr      44%        2d8       12%         1

Your spell library contained the following spells:

 Spells                   Type           Power      Damage    Failure   Level
 Momentum Strike          Conj/Tloc      18%        3d8       22%         2
 Poisonous Vapours        Pois/Air       4%         N/A       41%         2
 Hailstorm                Conj/Ice       9%         3d4       41%         3
 Mephitic Cloud           Conj/Pois/Air  6%         N/A       50%         3
 Freezing Cloud           Conj/Ice/Air   3%         6-21      99%         5


Dungeon Overview and Level Annotations

Branches:
Dungeon (3/15)

Altars:

Annotations:
D:2 Sigmund
D:6 Maggie


Innate Abilities, Weirdness & Mutations

You have a pair of antennae on your head.
A weak demonic guardian rushes to your aid.


Message History

You feel drained. Maggie barely misses you.
You closely miss Maggie.
Maggie is heavily wounded.
You hit Maggie but do no damage.
Maggie is heavily wounded.
Maggie casts a spell.
Maggie draws you further into her thrall.
You hit Maggie but do no damage.
Maggie is heavily wounded.
Maggie misses you.
Casting: Kiss of Death (safe; 12% risk of failure)
Confirm with . or Enter, or press ? or * to list all spells.
Aiming: Kiss of Death (safe; 12% risk of failure)
Press: ? - help, Shift-Dir - straight line, f/p - Maggie
Aim: Maggie, wielding a +0 morningstar of flaming and wearing +0 acid dragon scales (heavily wounded, mesmerising, heavily drained, 100% to hit)
The negative energy hits Maggie.
Maggie is drained!
Maggie is severely wounded.
You feel drained. Maggie barely misses you.
You barely miss Maggie.
Maggie is severely wounded.
Maggie mumbles some strange words.
Maggie draws you further into her thrall.
You hit Maggie.
Maggie is severely wounded.
Maggie mumbles some strange words.
Maggie draws you further into her thrall.
You hit Maggie but do no damage.
Maggie is severely wounded.
Maggie gestures at you while chanting. The bolt of fire misses you.
You hit Maggie but do no damage.
Maggie is severely wounded.
Maggie mumbles some strange words.
Maggie draws you further into her thrall.
You hit Maggie.
Maggie is severely wounded.
Maggie gestures at you while chanting. The bolt of fire hits you!
Ouch! That really hurt!
You die...

########.##
#.........#
# #.......#
.. #.......#
...
#.......#
....
#.......#
.#...
###.#####
......###..#
......@@!.##
......†####
.......
.......
.....#.
.....#. >...
#. .... ..


You could see Maggie (mesmerising, very drained).

Vanquished Creatures
  A bullfrog (D:6)
  An adder (D:2)
  2 ball pythons (D:1)
  3 bats
  3 endoplasms
  2 giant cockroaches (D:1)
  2 hobgoblins
  4 jackals
  2 quokkas (D:1)
  A frilled lizard (D:1)
  5 goblins
  2 kobolds (D:1)
  6 rats
34 creatures vanquished.

Vanquished Creatures (collateral kills)
  2 dart slugs (D:1)
  An endoplasm (D:1)
  A goblin (D:1)
4 creatures vanquished.

Grand Total: 38 creatures vanquished

Notes
Turn   | Place    | Note
-------+----------+-------------------------------------------
     0 | D:1      | monsoonserge the Demonspawn Reaver began the quest for the
                  | Orb.
     0 | D:1      | Reached XP level 1. HP: 16/16 MP: 3/3
   305 | D:1      | Gained mutation: A weak demonic guardian rushes to your
                  | aid. [demonic ancestry]
   305 | D:1      | Reached XP level 2. HP: 21/22 MP: 5/5
   782 | D:1      | Reached skill level 1 in Armour
   788 | D:1      | Gained mutation: You have a pair of small antennae on your
                  | head. [demonic ancestry]
   788 | D:1      | Reached XP level 3. HP: 27/27 MP: 6/6
   814 | D:1      | Reached skill level 1 in Necromancy
   890 | D:2      | Noticed Sigmund
   950 | D:3      | You fall into a shaft and drop 3 floors!
   956 | D:6      | Noticed Maggie
   956 | D:6      | Noticed a bullfrog
   960 | D:6      | Killed a bullfrog
   961 | D:6      | Reached skill level 1 in Short Blades
   961 | D:6      | Gained mutation: You have a pair of antennae on your head.
                  | [demonic ancestry]
   961 | D:6      | Reached XP level 4. HP: 22/33 MP: 4/7
   975 | D:6      | Killed from afar by Maggie

Illustrated notes

Levels and vault maps discovered:
D:1:      psy_arrival_whirlpool, layout_basic, minmay_pentomino_q2
D:2:      layout_loops_corners, hellmonk_ecumenical_altar_blasted, uniq_sigmund
D:3:      layout_rooms, mainiacjoe_overflow_alcove_3, serial_glass,
          glass_columns_a, glass_columns_a, glass_columns_a, glass_columns_a,
          glass_columns_b, glass_columns_a, due_unseen_surprise,
          ebering_ghost_sewer_d, uniq_grinder
D:6:      layout_rooms, ebering_ghost_sewer_f, uniq_maggie

Skill      XL: |  1  2  3 |
---------------+----------+-----
Maces & Flails | 3 |  3.1
Armour         | 1 2 |  2.0
Dodging        | 2 |  2.6
Necromancy     | 1 |  1.0
Short Blades   | 1 |  1.0
Fighting       | |  2.3
Stealth        | |  0.3
Spellcasting   | |  2.0
Conjurations   | |  3.2

Action                     |  1- 3 |  4- 6 || total
---------------------------+-------+-------++-------
  Melee: Mace              |    64 |       ||    64
         Short sword       |    45 |     8 ||    53
   Cast: Kiss of Death     |     2 |     5 ||     7
 Armour: Leather armour    |    21 |       ||    21
         Ring mail         |    20 |       ||    20
  Dodge: Dodged            |    73 |     4 ||    77
